 Dungeon Crawl Stone Soup version 0.15-a0-1866-g491fd59 (console) character file.

174 trollmonk the Ruffian (level 5, 0/50 HPs)
             Began as a Troll Monk on July 3, 2014.
             Slain by Gekot's ghost (5 damage)
             ... on Level 5 of the Dungeon.
             The game lasted 00:02:19 (536 turns).

trollmonk the Ruffian (Troll Monk)                   Turns: 536, Time: 00:02:19

HP   0/50        AC  5     Str 20      XL: 5   Next: 28%
MP   2/2         EV 10     Int  6      God:
Gold 44          SH  0     Dex 12      Spells:  0 memorised,  4 levels left

rFire  . . .     SeeInvis .       - Unarmed
rCold  . . .     Clarity  .     a - +0 robe
rNeg   . . .     rCorr    .     (shield restricted)
rPois  .         rRot     .     (helmet restricted)
rElec  .         Spirit   .     (no cloak)
SustAb .         Warding  .     (gloves unavailable)
rMut   .         Stasis   .     (boots unavailable)
Gourm  +                        (no amulet)
MR     .....                    (no ring)
                                (no ring)

@: starving, not resistant to hostile enchantments, very unstealthy
A: unfitting armour, claws 3, talons 1, blink 1, fast metabolism 3, gourmand,
high mp 1, regeneration 2, saprovore 2, shaggy fur 1, tough skin 2
a: Blink


You were on level 5 of the Dungeon.
You were starving.

You visited 2 branches of the dungeon, and saw 6 of its levels.

You collected 44 gold pieces.

Inventory:

Armour
 a - a +0 robe (worn)
Comestibles
 b - 2 meat rations
 f - a bread ration
Scrolls
 c - a scroll of fog {unknown}
 e - a scroll of blinking {unknown}
 g - a scroll of identify {unknown}
Potions
 h - a potion of haste {unknown}


   Skills:
 - Level 2.4 Fighting
 - Level 2.4 Dodging
 - Level 1.1 Stealth
 + Level 6.6 Unarmed Combat


You had 4 spell levels left.
You didn't know any spells.

Dungeon Overview and Level Annotations

Branches:
Dungeon (5/15)             Temple (1/1) D:4

Altars:
Ashenzari
Elyvilon
Fedhas
Gozag
Kikubaaqudgha
Makhleb
Nemelex Xobeh
Okawaru
Qazlal
Sif Muna
Vehumet
Xom
Zin
The Shining One

Annotations:
D:5 Gekot's ghost, average FoFi


Innate Abilities, Weirdness & Mutations

You are too large for most types of armour.
You have claws for hands.
Your metabolism is lightning-fast.
You like to eat raw meat.
You heal very quickly.
You can eat rotten meat.
You are covered in fur (AC +1).
You have very tough skin (AC +2).
You have sharp toenails.
You can translocate small distances at will.
You have an increased reservoir of magic (+10% MP).


Message History

Gekot's ghost hits you!
* * * LOW HITPOINT WARNING * * *
There is a stone staircase leading down here.
Gekot's ghost shouts, "You must not succeed where I failed!"
Found a stone staircase leading up.
A goblin comes into view.
The goblin moves out of view.
You are starving!
The goblin shouts!
Gekot's ghost lets out a mournful wail.
The goblin drinks a potion.
The goblin suddenly seems more agile.
You barely miss the goblin. The goblin barely misses you.
You closely miss the goblin. Gekot's ghost hits you!
* * * LOW HITPOINT WARNING * * *
The goblin barely misses you.
Drink which item? (? for menu, Esc to quit)
You feel extremely strange.
You feel more energetic.
Your toenails lengthen and sharpen.
You feel jittery.
It was a potion of mutation.
Gekot's ghost hits you.
You die...

########################
##.............W@g.......
...######################
..## ..## ...# ...# .###
.# .#


You could see Gekot's ghost and a goblin.

Vanquished Creatures
  A scorpion (D:4)
  A hound (D:4)
  An orc priest (D:4)
  2 giant mites
  A giant gecko (D:3)
  14 orcs
  4 hobgoblins (D:1)
  A kobold (D:3)
  A ball python (D:4)
  A giant gecko zombie (D:5)
  A giant newt (D:4)
  5 jackals
  3 rats
36 creatures vanquished.

Notes
Turn   | Place    | Note
--------------------------------------------------------------
     0 | D:1      | trollmonk, the Troll Monk, began the quest for the Orb.
     0 | D:1      | Reached XP level 1. HP: 22/22 MP: 1/1
    67 | D:1      | Reached XP level 2. HP: 29/29 MP: 1/1
   160 | D:3      | Reached skill level 5 in Unarmed Combat
   160 | D:3      | Reached XP level 3. HP: 36/36 MP: 2/2
   231 | D:4      | Noticed a scorpion
   241 | D:4      | Killed a scorpion
   241 | D:4      | Reached XP level 4. HP: 24/44 MP: 2/2
   256 | D:4      | Found a staircase to the Ecumenical Temple.
   276 | Temple   | Entered the Ecumenical Temple
   314 | D:4      | Reached skill level 6 in Unarmed Combat
   374 | D:4      | Found a glowing silver altar of Zin.
   374 | D:4      | Found an opulent altar of Gozag.
   442 | D:4      | Reached XP level 5. HP: 42/50 MP: 2/2
   479 | D:5      | Entered Level 5 of the Dungeon
   484 | D:5      | Noticed Gekot's ghost (average FoFi)
   536 | D:5      | Gained mutation: You have an increased reservoir of magic (+10% MP). [potion of mutation]
   536 | D:5      | Gained mutation: You have sharp toenails. [potion of mutation]
   536 | D:5      | Gained mutation: You can translocate small distances at will. [potion of mutation]
   536 | D:5      | Slain by Gekot's ghost

Action                   |  1- 3 |  4- 6 || total
-------------------------+-------+-------++-------
Melee: Unarmed           |    53 |    67 ||   120
  Use: Potion            |       |     1 ||     1
